 Dungeon Crawl Stone Soup version 0.26.0-20-g3ca415f5b8 (webtiles) character file.

Game seed: 1191589778287739013

35 kreisler the Sneak (level 3, -2/25 HPs)
             Began as an Octopode Brigand on Jan 25, 2021.
             Slain by Sigmund
             ... wielding a +0 scythe
              (10 damage)
             ... on level 2 of the Dungeon.
             The game lasted 00:05:22 (1439 turns).

kreisler the Sneak (Octopode Brigand)               Turns: 1439, Time: 00:05:24

Health: -2/25      AC:  1    Str: 10    XL:     3   Next: 35%
Magic:  3/3        EV: 13    Int: 13    God:
Gold:   58         SH:  0    Dex: 14    Spells: 2/2 levels left

rFire    . . .     SeeInvis .   a - +2 dagger
rCold    . . .     Faith    .   (no shield)
rNeg     . . .     Spirit   .   (helmet restricted)
rPois    .         Reflect  .   (no amulet)
rElec    .         Harm     .   (no ring)
rCorr    .         Rampage  .   (no ring)
Will     .....                  (no ring)
Stlth    ++++......             (no ring)
HPRegen  0.08/turn              (no ring)
MPRegen  0.08/turn              (no ring)
                                (no ring)
                                (no ring)

@: no status effects
A: almost no armour, stealthy swim, amphibious, 8 rings, constrict 8, camouflage
1, gelatinous body 1
a: no special abilities


You were on level 2 of the Dungeon.
You visited 1 branch of the dungeon, and saw 2 of its levels.

You collected 58 gold pieces.

Inventory:

Hand Weapons
 a - a +2 dagger (weapon)
Missiles
 b - 8 poisoned darts (quivered)
 c - 2 curare-tipped darts
Scrolls
 e - 2 scrolls of identify
 i - a scroll of enchant weapon {unknown}
Potions
 d - a potion of might {unknown}
 f - a potion of lignification
 h - a potion of brilliance {unknown}
 j - 2 potions of mutation {unknown}


   Skills:
 + Level 2.3 Fighting
 + Level 2.5 Short Blades
 + Level 2.2 Throwing
 + Level 1.0 Dodging
 + Level 6.1 Stealth


You had 2 spell levels left.
You didn't know any spells.
Your spell library was empty.

Dungeon Overview and Level Annotations

Branches:
Dungeon (2/15)

Altars:

Annotations:
D:2 Sigmund


Innate Abilities, Weirdness & Mutations

You cannot wear most types of armour.
You are very stealthy in the water. (Stealth+)
You are amphibious.
You can wear up to eight rings at the same time.
You can use your tentacles to constrict eight enemies at once.
Your skin changes colour to match your surroundings (Stealth+).
Your rubbery body absorbs attacks. (AC +1, EV +1)


Message History

You throw a poisoned dart. The poisoned dart hits the gnoll.
The gnoll is poisoned.
The gnoll shouts!
The gnoll throws a throwing net.
The throwing net barely misses you.
Sigmund says, "Don't worry, I'll kill you fast."
You feel much better.
The gnoll hits you from afar with a +0 spear!
The gnoll hits you with a +0 halberd! The gnoll closely misses you.
You hit the gnoll. You grab the gnoll.
The gnoll is severely wounded.
You constrict the gnoll. The gnoll completely misses you.
Sigmund hits you from afar with a +0 scythe.
The gnoll closely misses you.
You hit the gnoll.
The gnoll is almost dead.
You constrict the gnoll.
You kill the gnoll!
The gnoll barely misses you.
Sigmund hits you from afar with a +0 scythe!
You die...

......####..#####............####
..................#..............
......##............#..#.........
......##.............>...........
......##..............#..........
......................#..........
......##.#.....#.####............
....[..#.##....#......##.########
....##.......#.#@.....##.#
######.........gg###......
#........#.@#........
#........##(g......
#..........##........
..#........##.(......
.###..............g...
#####.....#†.......
..###.#......g.


You could see Sigmund and 3 gnolls.

Vanquished Creatures
  A gnoll (D:2)
  5 dart slugs
  2 bats
  A giant cockroach (D:1)
  3 goblins
  7 hobgoblins
  A frilled lizard (D:2)
  4 rats
24 creatures vanquished.

Notes
Turn   | Place    | Note
-------+----------+-------------------------------------------
     0 | D:1      | kreisler the Octopode Brigand began the quest for the Orb.
     0 | D:1      | Reached XP level 1. HP: 14/14 MP: 1/1
    65 | D:1      | Reached XP level 2. HP: 19/19 MP: 2/2
  1194 | D:2      | Reached XP level 3. HP: 24/24 MP: 3/3
  1201 | D:2      | Reached skill level 6 in Stealth
  1426 | D:2      | Noticed Sigmund
  1439 | D:2      | Slain by Sigmund

Illustrated notes

Levels and vault maps discovered:
D:1:      eino_arrival_cavern_c, layout_loops_corners, chequers_big_river,
          minmay_tetromino_l4
D:2:      layout_rooms, minmay_misc_feat_rugged, uniq_sigmund

Skill      XL: |  1  2  3 |
---------------+----------+-----
Stealth        | 6 |  6.1
Fighting       | |  2.3
Short Blades   | |  2.5
Throwing       | |  2.2
Dodging        | |  1.0

Action                   || total
-------------------------++-------
Melee: Dagger            ||    43
       Constrict         ||    12
       Tentacles         ||    10
Throw: Dart              ||     9
  Use: Scroll            ||     3
       Potion            ||     3
 Stab: Sleeping          ||     5
Armor: Skin              ||     1
Dodge: Dodged            ||    21
